 Dungeon Crawl Stone Soup version 0.29.1-12-g30fa7ad0bf (webtiles) character file.

Game seed: 9296496485879528847

5452 112233 the Nimble (level 10, 0/49 HPs)
             Began as a Felid Fighter on Dec 22, 2022.
             Slain by a dream sheep (29 damage)
             ... on level 5 of the Lair of Beasts.
             The game lasted 00:14:47 (14085 turns).

112233 the Nimble (Felid Fighter)                  Turns: 14085, Time: 00:14:47

Health: 0/49       AC:  6    Str: 12    XL:     10   Next: 41%
Magic:  17/19      EV:  4    Int: 14    God:
Gold:   586        SH:  0    Dex: 16    Spells: 9/19 levels left
                                        Lives:  0   Deaths: 3

rFire   . . .      SeeInvis +     - Unarmed
rCold   . . .      Faith    +   (shield unavailable)
rNeg    . . .      Spirit   .   (body armour unavailable)
rPois   +          Reflect  .   (helmet unavailable)
rElec   .          Harm     .   (cloak unavailable)
rCorr   .          Rampage  .   (gloves unavailable)
Will    ++...                   (boots unavailable)
Stlth   ++++......              v - amulet of faith
HPRegen 0.16/turn               k - +4 ring of protection
MPRegen 0.16/turn               t - ring of poison resistance

@: sleeping, wereblooded, quick
A: very small, claws 1, fangs 3, see invisible, speed 1, shaggy fur 2, stealthy
paws, no weapons or thrown items, no armour, multi-lived, strong-willed 1
a: no special abilities


You were on level 5 of the Lair of Beasts.
You visited 3 branches of the dungeon, and saw 14 of its levels.

You collected 586 gold pieces.

Inventory:

Jewellery
 k - a +4 ring of protection (left paw)
 t - a ring of poison resistance (right paw)
 v - an amulet of faith (around neck)
 x - a ring of protection from fire
Wands
 h - a wand of charming (4)
 u - a wand of light (5)
Scrolls
 m - 4 scrolls of poison
 p - 2 scrolls of amnesia
 w - a scroll of brand weapon
Potions
 i - 2 potions of mutation
 j - 3 potions of haste
 n - a potion of cancellation
 o - 2 potions of flight {unknown}
 q - a potion of invisibility {unknown}
 r - a potion of resistance
 s - a potion of lignification {unknown}
Miscellaneous
 a - a tin of tremorstones (2/2)


   Skills:
 + Level 8.7 Fighting
 + Level 11.3 Dodging
 - Level 7.5 Stealth
 + Level 9.2 Unarmed Combat
 + Level 5.3 Spellcasting
 + Level 6.5 Transmutations
 + Level 1.7 Ice Magic


You had 9 spell levels left.
You knew the following spells:

 Your Spells              Type           Power      Damage    Failure   Level
a - Beastly Appendage     Tmut           44%        N/A       1%          1
b - Wereblood             Tmut           22%        N/A       1%          2
c - Ice Form              Ice/Tmut       15%        N/A       30%         4
d - Spider Form           Tmut/Pois      12%        N/A       13%         3

Your spell library contained the following spells:

 Spells                   Type           Power      Damage    Failure   Level
 Slow                     Hex            12%        N/A       17%         1
 Ignite Poison            Fire/Tmut/Pois 9%         N/A       21%         3
 Call Canine Familiar     Summ           3%         N/A       45%         3
 Confusing Touch          Hex            3%         N/A       45%         3
 Conjure Flame            Conj/Fire      3%         6-21      45%         3
 Vampiric Draining        Necr           3%         2d6       45%         3
 Leda's Liquefaction      Hex/Erth       1%         N/A       86%         4
 Sticky Flame             Conj/Fire      3%         2d3       86%         4
 Freezing Cloud           Conj/Ice/Air   2%         6-21      98%         5
 Summon Forest            Summ/Tloc      1%         N/A       99%         5
 Summon Mana Viper        Hex/Summ       3%         N/A       99%         5
 Summon Cactus Giant      Summ           1%         N/A       100%        6
 Ozocubu's Refrigeration  Ice            4%         4d8       100%        7
 Portal Projectile        Hex/Tloc       Unusable   N/A       N/A         3

Dungeon Overview and Level Annotations

Branches:
Dungeon (8/15)             Temple (1/1) D:7            Lair (5/5) D:8
 Shoals (0/4) Lair:2
  Snake: Lair:2-3    Spider: Lair:2-3     Slime: Lair:4-5

Altars:
Ashenzari
Cheibriados
Dithmenos
Elyvilon
Fedhas
Gozag
Hepliaklqana
Kikubaaqudgha
Makhleb
Nemelex Xobeh
Qazlal
Ru
Sif Muna
Uskayaw
Vehumet
Wu Jian
Yredelemnul
Zin
The Shining One

Shops:
D:2 [[!(

Annotations:
D:7 exclusion: downstairs
D:8 1 runed translucent door, 112233's ghost, amateur FeCj; Erica
Lair:1 Sonja


Innate Abilities, Weirdness & Mutations

You have sharp claws.
You have razor-sharp teeth.
You have supernaturally acute eyesight. (SInv)
You cover ground quickly. (Speed+)
You are covered in thick fur. (AC +2)
Your paws help you pounce on unaware monsters.
You are incapable of wielding weapons or throwing items.
You cannot wear armour.
You gain extra lives every three experience levels.
You are strong-willed. (Will+)


Message History

A dream sheep comes into view.
The blink frog blinks!
The dream sheep bites you.
You wake up.
The dream sheep bites you.
Really walk into that dispersal trap?
The dream sheep attacks as you move away!
The dream sheep misses you.
You enter a dispersal trap!
The blink frog blinks!
The dream sheep blinks! x2; The blink frog blinks!
The dream sheep blinks!
The blink frog blinks!
The dream sheep blinks!
The wraith blinks!
The dream sheep blinks!
You blink.
The blink frog blinks!
Unknown command.
Your transformation is almost over.
The dream sheep "Baaaas" sleepily.
The dream sheep shake their wool and sparkle.
You feel drowsy...
You fall asleep.
The dream sheep completely misses you.
The dream sheep bleats!
You hear a croak.
The dream sheep bites you!
You wake up.
You pummel the dream sheep!! You freeze the dream sheep.
You kill the dream sheep!
You closely miss the blink frog.
The blink frog hits you but does no damage.
Unknown command.
Casting: Ice Form (quite dangerous; 30% risk of failure)
Confirm with . or Enter, or press ? or * to list all spells.
Your blood is infused with primal strength.
The blink frog hits you!
The blink frog blinks!
Unknown command.
You punch the dream sheep! You freeze the dream sheep.
The dream sheep is severely wounded.
You warm up again.
The dream sheep completely misses you.
The blink frog blinks!
Unknown command.
You completely miss the dream sheep. Your claw misses the dream sheep.
The dream sheep is severely wounded.
The dream sheep shake their wool and sparkle.
You feel drowsy...
You fall asleep.
The dream sheep bites you!!
Ouch! That really hurt!
You die...

.........#.#..........## #
.........##......##...P# .P
...............# #...P# ...
...............# ##....##....
...............###P.........#
........................P....
......[..........†..........P
P).####....P.##..#.P.P..#...#
..## ####..###Y@#####$......
.. (..####Y####.#§...... #
###.# #YY..P.#........
...P###Y..F.........#
#.........../........
.....##...^......§... ....
#........... ... #...#.......
.. #....#..W...


You could see 5 dream sheep.

Vanquished Creatures
  2 black mambas
  5 elephants
  A cane toad (Lair:4)
  A komodo dragon (Lair:5)
  A dream sheep (Lair:5)
  A hornet (D:5)
  A basilisk (Lair:4)
  5 wyverns
  A steam dragon (D:8)
  4 water moccasins
  An ice beast (D:6)
  An orc warrior (D:7)
  A black bear (D:7)
  3 sky beasts
  8 ogres
  5 wolves (Lair:3)
  4 phantoms
  A kobold brigand (D:5)
  5 bullfrogs
  A scorpion (D:4)
  4 necrophages
  3 wights
  14 killer bees
  3 hounds
  6 orc priests
  A jelly (D:6)
  2 gnoll boudas (D:6)
  2 iguanas
  7 orc wizards
  16 gnolls
  10 adders
  2 white imps
  An ufetubus (D:4)
  2 worms
  2 dart slugs
  31 orcs
  9 endoplasms
  3 giant cockroaches
  6 goblins
  6 hobgoblins
  13 jackals
  7 quokkas
  8 ball pythons
  5 bats
  2 frilled lizards
  10 kobolds
  10 rats
237 creatures vanquished.

Vanquished Creatures (others)
  A polar bear (Lair:4)
  11 fungi
  29 plants
41 creatures vanquished.

Grand Total: 278 creatures vanquished

Notes
Turn   | Place    | Note
-------+----------+-------------------------------------------
     0 | D:1      | 112233 the Felid Fighter began the quest for the Orb.
     0 | D:1      | Reached XP level 1. HP: 10/10 MP: 2/2
   371 | D:1      | Reached skill level 1 in Stealth
   371 | D:1      | Reached XP level 2. HP: 14/14 MP: 3/3
  1166 | D:1      | Found a faded altar of an unknown god.
  1401 | D:2      | Found Qoetaur's Armour Shop.
  1406 | D:2      | Reached XP level 3. HP: 17/17 MP: 4/4
  1919 | D:2      | Found Johiheb's Distillery.
  2051 | D:2      | Found Xusy's Armour Shoppe.
  2120 | D:2      | Reached XP level 4. HP: 21/21 MP: 5/5
  2138 | D:2      | Found Zuwnupn's Weapon Emporium.
  2743 | D:3      | Reached skill level 5 in Dodging
  3385 | D:3      | Reached XP level 5. HP: 19/25 MP: 6/6
  3488 | D:4      | Learned a level 1 spell: Beastly Appendage
  3491 | D:4      | Learned a level 2 spell: Wereblood
  3962 | D:4      | Found a glowing golden altar of the Shining One.
  3970 | D:4      | Reached skill level 5 in Unarmed Combat
  4146 | D:5      | Entered Level 5 of the Dungeon
  4146 | D:5      | Noticed an ogre
  4148 | D:5      | Mangled by an ogre
  4149 | D:5      | Reached XP level 4. HP: -9/22 MP: 5/5
  4177 | D:5      | Noticed an ogre
  4180 | D:5      | Killed an ogre
  4181 | D:5      | Reached XP level 5. HP: 25/25 MP: 6/6
  4249 | D:5      | Noticed a phantom
  4325 | D:5      | Killed a phantom
  4326 | D:5      | Reached skill level 6 in Dodging
  4326 | D:5      | Gained mutation: You are covered in thick fur. (AC +2)
                  | [Felid growth]
  4326 | D:5      | Reached XP level 6. HP: 5/29 MP: 7/7
  4614 | D:5      | Reached skill level 5 in Stealth
  4702 | D:5      | Reached XP level 7. HP: 33/33 MP: 8/8
  4712 | D:5      | Noticed a hornet
  4720 | D:5      | Killed a hornet
  4721 | D:5      | Reached skill level 5 in Fighting
  4948 | D:5      | Reached skill level 7 in Dodging
  5072 | D:5      | Found a shimmering blue altar of Sif Muna.
  5076 | D:5      | Found a snail-covered altar of Cheibriados.
  5505 | D:5      | Reached XP level 8. HP: 29/37 MP: 9/9
  5665 | D:5      | Got the Almanac of Entrancing Firn
  5673 | D:5      | Learned a level 4 spell: Ice Form
  5793 | D:5      | Found a broken altar of Ashenzari.
  5793 | D:5      | Found a hide-covered altar of Uskayaw.
  6602 | D:6      | Reached skill level 8 in Dodging
  6998 | D:4      | Reached skill level 1 in Transmutations
  7076 | D:6      | Reached skill level 1 in Spellcasting
  7950 | D:5      | Reached XP level 9. HP: 34/42 MP: 12/12
  8752 | D:6      | Reached skill level 9 in Dodging
  9524 | D:7      | Found a staircase to the Ecumenical Temple.
  9560 | Temple   | Entered the Ecumenical Temple
  9918 | D:7      | Found a basalt altar of Yredelemnul.
  9919 | D:7      | Found a shadowy altar of Dithmenos.
  9920 | D:7      | Found an ornate altar of the Wu Jian Council.
  9920 | D:7      | Found a white marble altar of Elyvilon.
 11190 | D:8      | Noticed Erica
 11249 | D:7      | Reached XP level 10. HP: 19/47 MP: 4/16
 11251 | D:7      | Reached skill level 10 in Dodging
 11770 | D:8      | Found a runed translucent door.
 11770 | D:8      | Noticed 112233's ghost (amateur FeCj)
 11869 | D:8      | Found a staircase to the Lair.
 11884 | Lair:1   | Entered Level 1 of the Lair of Beasts
 11884 | Lair:1   | Noticed Sonja
 11884 | Lair:1   | Noticed a torpor snail
 11884 | Lair:1   | Noticed a death yak
 11892 | Lair:1   | Slain by Sonja
 11893 | Lair:1   | Reached XP level 9. HP: -2/30 MP: 15/15
 12032 | Lair:2   | Found a staircase to the Shoals.
 12122 | Lair:3   | Noticed a black mamba
 12133 | Lair:3   | Reached skill level 5 in Transmutations
 12137 | Lair:3   | Noticed a komodo dragon
 12142 | Lair:4   | Noticed an elephant
 12142 | Lair:4   | Noticed an elephant
 12142 | Lair:4   | Noticed an elephant
 12142 | Lair:4   | Noticed an elephant
 12153 | Lair:4   | Gained mutation: You are strong-willed. (Will+) [potion of
                  | mutation]
 12166 | Lair:4   | Killed an elephant
 12166 | Lair:4   | Killed an elephant
 12166 | Lair:4   | Killed an elephant
 12166 | Lair:4   | Killed an elephant
 12166 | Lair:4   | Killed by an exploding elephant... ignited by their inner
                  | flame
 12167 | Lair:4   | Reached XP level 8. HP: -4/60 MP: 14/15
 12167 | Lair:4   | Reached XP level 9. HP: 44/44 MP: 15/17
 12192 | Lair:4   | Noticed an elephant
 12192 | Lair:4   | Noticed an elephant
 12210 | Lair:4   | Noticed a cane toad
 12223 | Lair:4   | Killed a cane toad
 12224 | Lair:4   | Reached skill level 11 in Dodging
 12224 | Lair:4   | Reached skill level 5 in Spellcasting
 12407 | Lair:5   | Entered Level 5 of the Lair of Beasts
 12459 | Lair:5   | Noticed an elephant
 12515 | Lair:4   | Learned a level 3 spell: Spider Form
 12518 | Lair:4   | Noticed a black mamba
 12531 | Lair:4   | Killed a black mamba
 12600 | Lair:4   | Noticed a cane toad
 12617 | Lair:4   | Reached XP level 10. HP: 43/49 MP: 16/18
 12672 | Lair:4   | Found a white marble altar of Elyvilon.
 12798 | Lair:4   | Reached skill level 1 in Ice Magic
 12918 | Lair:4   | Noticed a five-headed hydra
 13005 | Lair:4   | Noticed a boulder beetle
 13620 | Lair:5   | Killed an elephant
 14037 | Lair:5   | Noticed a black mamba
 14049 | Lair:5   | Killed a black mamba
 14085 | Lair:5   | Slain by a dream sheep

Illustrated notes

Levels and vault maps discovered:
D:1:      heliophobic_arrival_battle_scene, layout_basic,
          dilly_ecumenical_altar_fadedgnrine
D:2:      layout_loops_cross, serial_shops, shop, nicolae_square_shop,
          nicolae_shop_behind_doors, shop
D:3:      layout_basic
D:4:      minmay_diamond_boxcup, layout_basic, tso_altar
D:5:      layout_loops_corners, jmf_multi_god_temple,
          gammafunk_temple_overflow_wave, serial_park_tiny_pond,
          roderic_serpentine_path, serial_bayou_ford_a, hex_medium,
          minmay_small_thing
D:6:      layout_cave_pools, serial_bayou_pond_d
D:7:      layout_basic, mainiacjoe_overflow_alcove_3,
          minmay_temple_entry_arrows, kennysheep_crisscross,
          kennysheep_small_circle
D:8:      layout_gridville, trog_book, erik_lair_dragon, gammafunk_ghost_grave,
          kennysheep_generic_room_3, uniq_erica
Temple:   jpeg_temple_alley_garden
Lair:1:   beast_lair_carwin_large_3, layout_loops_ring,
          ebering_ghost_rock_garden, uniq_sonja
Lair:2:   layout_cave_pods, shoals_dummy_entry, ebering_ghost_disaster_area,
          portal_ice_cave_demonic_guard, amcnicky_mini_pool_medium
Lair:3:   layout_regular_city, guppyfry_snake_entry_island,
          grunt_forest_large_clearings, grunt_megastairs_4, serial_bayou_shore_a
Lair:4:   layout_cave_pods, basic_altar, nzn_sisyphean_effort
Lair:5:   evilmike_catoblepas_cave, layout_small_grid,
          dpeg_slime_entry_enclosed, nicolae_quartered_pool_little,
          st_stairs_12, minmay_lair_oklob_bushes, uniq_josephine, uniq_nessos

Skill      XL: |  1  2  3  4  5  6  7  8  9 10 |
---------------+-------------------------------+-----
Stealth        | 1 2 4 5 6 7 |  7.5
Dodging        | 5 6 7 8 11 10 | 11.3
Fighting       | 4 5 8 7 |  8.7
Unarmed Combat | 5 6 7 9 |  9.2
Transmutations | 2 6 |  6.5
Spellcasting   | 1 5 |  5.3
Ice Magic      | 1 |  1.7

Action                   |  1- 3 |  4- 6 |  7- 9 | 10-12 || total
-------------------------+-------+-------+-------+-------++-------
Melee: Unarmed           |   109 |   151 |   477 |    65 ||   802
       Bite              |     6 |    14 |    45 |     1 ||    66
       Punch             |     2 |     3 |    20 |     3 ||    28
       Headbutt          |       |       |    66 |     6 ||    72
 Cast: Beastly Appendage |       |       |    52 |     7 ||    59
       Wereblood         |       |       |     5 |     5 ||    10
       Ice Form          |       |       |     2 |     5 ||     7
Evoke: Wand              |       |       |     2 |     4 ||     6
  Use: Potion            |       |       |    18 |     1 ||    19
       Scroll            |       |       |    12 |     1 ||    13
 Stab: Sleeping          |    10 |    13 |    12 |     3 ||    38
       Invisible         |       |       |     1 |       ||     1
Armor: Skin              |     2 |    16 |    60 |    19 ||    97
Dodge: Dodged            |    87 |   105 |   597 |    64 ||   853
